 Dungeon Crawl Stone Soup version 0.26-a0-52-gd53d4cd (webtiles) character file.

Game seed: 2144979980579901492

11615 thirtiethelement the Carver (level 11, -1/95 HPs)
             Began as a Demonspawn Abyssal Knight on June 6, 2020.
             Was a High Priest of Lugonu.
             Slain by an alligator simulacrum (4 damage)
             ... in an ice cave.
             The game lasted 00:22:48 (11508 turns).

thirtiethelement the Carver (DsAK)                 Turns: 11508, Time: 00:22:49

Health: -1/95      AC: 12    Str: 18    XL:     11   Next: 51%
Magic:  0/13       EV: 15    Int: 13    God:    Lugonu [*****.]
Gold:   576        SH:  0    Dex: 13    Spells: 10/10 levels left

rFire    . . .     SeeInvis .   B - +2 scimitar
rCold    + + +     Gourm    .   (no shield)
rNeg     . . .     Faith    .   s - +1 leather armour {rC+}
rPois    .         Spirit   +   F - +2 hat
rElec    +         Reflect  .   (no cloak)
rCorr    .         Harm     .   (no gloves)
MR       .....                  (no boots)
Stlth    +++.......             n - amulet of the acrobat
HPRegen  0.25/turn              d - +4 ring of slaying
MPRegen  0.13/turn              G - ring of protection from cold

@: sanguine armour
A: hooves 1, cold resistance 1, nightstalker 1, robust 1, electricity
resistance, strong 1, magic shield, sanguine armour 1
a: Depart the Abyss, Bend Space, Banish, Corrupt, Enter the Abyss, Renounce
Religion


You were in an ice cave.
You worshipped Lugonu.
Lugonu was extremely pleased with you.
You were not hungry.

You visited 2 branches of the dungeon, and saw 12 of its levels.
You visited the Abyss 1 time.
You also visited: Ice Cave.

You collected 576 gold pieces.

Inventory:

Hand Weapons
 a - a +2 falchion
 q - the +5 hand axe "Ase Fiecu" {freeze, +Rage Int-3 Dex+4}
   (You found it on level 5 of the Dungeon)

   It has been specially enchanted to freeze those struck by it, causing extra
   injury to most foes and up to half again as much damage against particularly
   susceptible opponents.
   It can also slow down cold-blooded creatures.
   It affects your intelligence (-3).
   It affects your dexterity (+4).
   It lets you go berserk.
 B - a +2 scimitar (weapon)
Missiles
 g - a boomerang (quivered)
 x - 5 silver boomerangs
Armour
 s - a +1 leather armour of cold resistance (worn)
 D - a +0 ring mail
 F - a +2 hat (worn)
Jewellery
 b - a +4 ring of protection
 d - a +4 ring of slaying (left hand)
 h - an uncursed amulet of faith
 m - an uncursed ring of magical power
 n - an amulet of the acrobat (around neck)
 y - a +6 ring of dexterity
 C - an uncursed ring of flight {unknown}
 E - an uncursed ring of wizardry {unknown}
 G - a ring of protection from cold (right hand)
 O - an uncursed ring of see invisible {unknown}
Wands
 v - a wand of disintegration (13)
 I - a wand of random effects (16)
 P - a wand of flame (17)
Scrolls
 j - 2 scrolls of teleportation
 o - 4 scrolls of remove curse
 r - a scroll of blinking
 t - a scroll of enchant armour
 z - a scroll of identify
 J - a scroll of enchant weapon
 K - 2 scrolls of fear
Potions
 e - 2 potions of mutation
 f - 3 potions of brilliance
 i - 4 potions of flight
 k - 3 potions of resistance
 l - 3 potions of lignification
 p - a potion of cancellation
 u - 5 potions of curing
 w - a potion of stabbing
 A - a potion of berserk rage
 H - 6 potions of might
 M - a potion of invisibility
 Q - a potion of magic
Comestibles
 c - 18 rations


   Skills:
 + Level 8.4 Fighting
 + Level 10.9 Long Blades
 + Level 4.6 Throwing
 + Level 7.0 Armour
 + Level 6.5 Dodging
 + Level 4.8 Stealth
   Level 3.7 Shields
 + Level 2.7 Invocations


You had 10 spell levels left.
You didn't know any spells.
Your spell library was empty.

Dungeon Overview and Level Annotations

Branches:
Dungeon (11/15)            Temple (1/1) D:4           IceCv (1/1)
   Lair: D:8-11         Orc: D:9-12

Altars:
Cheibriados
Gozag
Hepliaklqana
Makhleb
Nemelex Xobeh
Qazlal
Xom
Yredelemnul
Zin

Annotations:
D:3 3 runed translucent doors, Faca's ghost, amateur HuFi; Nolbo's ghost, amateur FoAK; Sin92's ghost, amateur DsFi; robertstho's ghost, amateur FeTm


Innate Abilities, Weirdness & Mutations

You have large cloven feet.
You are slightly more attuned to the shadows.
When hurt, damage is shared between your health and your magic reserves.
When seriously injured, your bleeding wounds create armour. (AC +6)
Your flesh is cold resistant. (rC+)
You are robust. (+10% HP)
You are resistant to electric shocks. (rElec)
Your muscles are strong. (Str +2)


Message History

The alligator simulacrum bites you!
* * * LOW HITPOINT WARNING * * *
The alligator simulacrum freezes you. You resist.
* * * LOW HITPOINT WARNING * * *
The alligator simulacrum barely misses you.
The alligator simulacrum misses you.
The alligator simulacrum barely misses you.
The elephant simulacrum closely misses you.
The elephant simulacrum trunk-slaps you but does no damage.
Evoke which item? (* to show all) (? for menu, Esc to quit)
Aiming: Disintegrate
Press: ? - help, Shift-Dir - straight line, f - alligator simulacrum
Aim: an alligator simulacrum (chance to defeat MR: 68%)
The alligator simulacrum struggles to resist.
The alligator simulacrum bites you!!
* * * LOW HITPOINT WARNING * * *
The alligator simulacrum freezes you. You resist.
* * * LOW HITPOINT WARNING * * *
The alligator simulacrum tail-slaps you.
You die...

#####
##...##
##..∩..##
#.......#
#...∩...#
##.....##
##.@.##


#ZZZ# #..Z## #...# ##... ##.. ##. You could see 2 alligator simulacra, an
elephant simulacrum and a polar bear simulacrum.

Vanquished Creatures
  Fannar (D:10)
  Erolcha (D:10)
  A two-headed ogre (D:9)
  An unseen horror (D:10)
  Psyche (D:11)
  2 ice devils (D:11)
  A troll (D:9)
  A hippogriff (D:8)
  A human (D:10)
  3 yaks (D:10)
  3 vampire mosquitoes (D:9)
  Duvessa (D:4)
  A porcupine (D:11)
  5 orc warriors
  A phantom (D:8)
  3 ice beasts
  2 sky beasts
  4 ogres
  3 centaurs
  5 big kobolds
  8 bullfrogs
  Dowan (D:4)
  2 scorpions (D:4)
  13 killer bees
  A howler monkey (D:5)
  5 crimson imps
  A quasit (D:7)
  A jelly (D:6)
  A centaur zombie (D:5)
  9 hounds
  19 orc wizards
  13 orc priests
  A centaur skeleton (D:6)
  10 worker ants
  A hound zombie (D:7)
  4 hound skeletons
  2 worker ant zombies
  8 gnolls
  9 adders
  3 shadow imps
  An ooze (D:1)
  An adder skeleton (D:7)
  5 worms
  A dart slug (D:2)
  4 leopard geckos
  40 orcs
  A ball python (D:1)
  4 giant cockroaches
  5 goblins
  8 hobgoblins
  9 jackals
  5 quokkas
  5 bats
  2 frilled lizards
  34 kobolds
  A leopard gecko skeleton (D:7)
  4 rats
  A spectral orc (D:7)
284 creatures vanquished.

Vanquished Creatures (others)
  10 fungi (D:11)
  2 plants (D:11)
12 creatures vanquished.

Grand Total: 296 creatures vanquished

Notes
Turn   | Place    | Note
-------+----------+-------------------------------------------
     0 | Abyss:1  | thirtiethelement the Demonspawn Abyssal Knight began the
                  | quest for the Orb.
     0 | Abyss:1  | Reached XP level 1. HP: 18/18 MP: 2/2
    47 | Abyss:1  | Noticed a ynoxinul
    48 | Abyss:1  | Noticed a large abomination
    49 | D:1      | Escaped the Abyss
   227 | D:1      | Reached skill level 2 in Long Blades
   247 | D:1      | Gained mutation: You are slightly more attuned to the
                  | shadows. [demonic ancestry]
   247 | D:1      | Reached XP level 2. HP: 21/24 MP: 3/3
   303 | D:1      | Reached * piety under Lugonu
   720 | D:2      | Reached skill level 1 in Dodging
   720 | D:2      | Gained mutation: When hurt, damage is shared between your
                  | health and your magic reserves. [demonic ancestry]
   720 | D:2      | Reached XP level 3. HP: 20/30 MP: 3/5
   897 | D:2      | Found a snail-covered altar of Cheibriados.
  1353 | D:2      | Found a stormy altar of Qazlal.
  1442 | D:2      | Gained mutation: Your flesh is cold resistant. (rC+)
                  | [potion of mutation]
  1442 | D:2      | Gained mutation: You are robust. (+10% HP) [potion of
                  | mutation]
  1442 | D:2      | Gained mutation: Your muscles are strong. (Str +2) [potion
                  | of mutation]
  1442 | D:2      | Gained mutation: You are resistant to electric shocks.
                  | (rElec) [potion of mutation]
  1501 | D:2      | Reached XP level 4. HP: 40/40 MP: 4/6
  2324 | D:3      | Reached ** piety under Lugonu
  2324 | D:3      | Reached skill level 3 in Long Blades
  2328 | D:3      | Reached skill level 1 in Stealth
  2771 | D:3      | Found a runed translucent gate.
  2771 | D:3      | Found a runed translucent gate.
  2771 | D:3      | Found a runed translucent gate.
  2773 | D:3      | Noticed robertstho's ghost (amateur FeTm)
  2774 | D:3      | Noticed Sin92's ghost (amateur DsFi)
  2775 | D:3      | Noticed Nolbo's ghost (amateur FoAK)
  2775 | D:3      | Noticed Faca's ghost (amateur HuFi)
  3133 | D:4      | Found a staircase to the Ecumenical Temple.
  3234 | D:4      | Gained mutation: When seriously injured, your bleeding
                  | wounds create armour. (AC +6) [demonic ancestry]
  3234 | D:4      | Reached XP level 5. HP: 24/46 MP: 2/7
  3468 | D:4      | Noticed Dowan
  3470 | D:4      | Noticed Duvessa
  3487 | Temple   | Entered the Ecumenical Temple
  3641 | D:4      | Killed Duvessa
  3641 | D:4      | Gained mutation: You have large cloven feet. [demonic
                  | ancestry]
  3641 | D:4      | Reached XP level 6. HP: 26/52 MP: 2/8
  3647 | D:4      | Killed Dowan
  3647 | D:4      | Reached skill level 4 in Long Blades
  4248 | D:4      | Reached XP level 7. HP: 53/60 MP: 7/9
  4523 | D:4      | Found a burning altar of Makhleb.
  4630 | D:5      | Entered Level 5 of the Dungeon
  4651 | D:5      | Got a scorched hand axe
  4652 | D:5      | Identified the +5 hand axe "Ase Fiecu" {freeze, +Rage Int-3
                  | Dex+4} (You found it on level 5 of the Dungeon)
  4762 | D:5      | Reached skill level 5 in Long Blades
  5410 | D:5      | Reached XP level 8. HP: 63/67 MP: 10/10
  5597 | D:5      | Reached skill level 6 in Long Blades
  5656 | D:6      | Reached skill level 5 in Fighting
  5804 | D:6      | Reached skill level 1 in Throwing
  5830 | D:6      | Found an opulent altar of Gozag.
  6142 | D:6      | Found a sparkling altar of Nemelex Xobeh.
  6142 | D:6      | Found a shimmering altar of Xom.
  6180 | D:6      | Reached skill level 7 in Long Blades
  6180 | D:6      | Reached skill level 5 in Dodging
  6180 | D:6      | Reached XP level 9. HP: 78/78 MP: 11/11
  6771 | D:7      | Reached skill level 8 in Long Blades
  7025 | D:7      | Found a basalt altar of Yredelemnul.
  7065 | D:7      | Reached *** piety under Lugonu
  7545 | D:8      | Found a glowing silver altar of Zin.
  7631 | D:8      | Reached XP level 10. HP: 72/86 MP: 10/12
  8676 | D:9      | Noticed a two-headed ogre
  8684 | D:9      | Killed a two-headed ogre
  8684 | D:9      | Reached **** piety under Lugonu
  8684 | D:9      | Reached skill level 9 in Long Blades
 10003 | D:10     | Entered Level 10 of the Dungeon
 10312 | D:10     | Noticed Fannar
 10350 | D:10     | Killed Fannar
 10350 | D:10     | Reached XP level 11. HP: 62/94 MP: 10/13
 10660 | D:10     | Noticed Erolcha
 10669 | D:10     | Killed Erolcha
 10669 | D:10     | Reached skill level 10 in Long Blades
 10795 | D:10     | Killed an unseen horror
 10795 | D:10     | Reached ***** piety under Lugonu
 11341 | D:11     | Noticed Psyche
 11349 | D:11     | Killed Psyche
 11470 | D:11     | Found a frozen archway.
 11503 | IceCv    | Entered an ice cave
 11508 | IceCv    | HP: 3/95 [alligator simulacrum (2)]
 11508 | IceCv    | Slain by an alligator simulacrum

Illustrated notes

Levels and vault maps discovered:
D:1:      dpeg_arrival_oval, layout_rooms
D:2:      layout_basic, kennysheep_slug_shrine, grunt_qazlal_clouds,
          kennysheep_generic_room_12
D:3:      layout_basic, gammafunk_ghost_cemetery
D:4:      layout_loops_cross, minmay_temple_entry_mini_moons, first_ration,
          bloody_makhleb, uniq_duvessa
D:5:      layout_rooms
D:6:      layout_rooms, kennysheep_mini,
          chequers_temple_overflow_statue_of_worship, kennysheep_generic_room_2
D:7:      layout_cave_pools, yredelemnul_forgotten_temple_becter,
          nrook_loot_triangle
D:8:      layout_loops_ring, zin_statuary, hangedman_decor_slide_cut
D:9:      layout_stronghold
D:10:     layout_small_grid, grunt_pizzeria, kennysheep_generic_room_5,
          uniq_fannar, uniq_erolcha
D:11:     layout_grid_maze, due_lair_maze_entry_diamond,
          portal_ice_cave_demonic_guard, uniq_psyche
Temple:   regret_index_temple_waves
IceCv:    ice_cave_small_necro

Skill      XL: |  1  2  3  4  5  6  7  8  9 10 11 |
---------------+----------------------------------+-----
Long Blades    | 2 3 4 5 7 8 9 10 | 10.9
Dodging        | 1 2 5 6 |  6.5
Armour         | 2 3 6 7 |  7.0
Stealth        | 1 2 3 4 |  4.8
Fighting       | 4 6 7 8 |  8.4
Throwing       | 4 |  4.6
Shields        | 3 |  3.7
Invocations    | |  2.7

Action                   |  1- 3 |  4- 6 |  7- 9 | 10-12 || total
-------------------------+-------+-------+-------+-------++-------
Melee: Falchion          |    51 |   114 |   174 |       ||   339
       Kick              |       |    14 |    78 |   126 ||   218
       Scimitar          |       |       |    48 |   345 ||   393
Throw: Boomerang         |       |       |    11 |    15 ||    26
Invok: Depart the Abyss  |     1 |       |       |       ||     1
Evoke: Wand              |       |       |       |     1 ||     1
  Use: Scroll            |     4 |     5 |    17 |     6 ||    32
       Potion            |     1 |       |     6 |       ||     7
 Stab: Sleeping          |     3 |     4 |    11 |     9 ||    27
       Distracted        |       |       |     1 |     1 ||     2
  Eat: Chunk             |     1 |     9 |    11 |     9 ||    30
       Ration            |       |       |       |     2 ||     2
Armor: Leather armour    |     9 |    36 |    62 |   105 ||   212
Dodge: Dodged            |    39 |    70 |   173 |   359 ||   641
       Rpst.: Falchion   |    10 |    24 |    38 |       ||    72
       Scimitar          |       |       |    13 |    87 ||   100

Table legend:
 A = Non-vault XP
 B = Vault XP
 C = Vault XP percentage of total XP
 D = Non-vault monster count
 E = Vault monster count
 F = Vault count percentage of total count
                 A         B        C        D         E       F
            +---------+---------+-------+---------+---------+-------
      Total |   10013 |    4590 |  31.4 |     269 |      15 |   5.3
            +---------+---------+-------+---------+---------+-------
        D:1 |      32 |       0 |   0.0 |      16 |       0 |   0.0
        D:2 |      71 |       7 |   9.0 |      15 |       3 |  16.7
        D:3 |      69 |       0 |   0.0 |      14 |       0 |   0.0
        D:4 |     370 |     236 |  38.9 |      15 |       2 |  11.8
        D:5 |     702 |       0 |   0.0 |      26 |       0 |   0.0
        D:6 |     716 |     122 |  14.6 |      20 |       1 |   4.8
        D:7 |    1089 |       1 |   0.1 |      36 |       1 |   2.7
        D:8 |    1393 |       0 |   0.0 |      34 |       0 |   0.0
        D:9 |    2997 |       0 |   0.0 |      34 |       0 |   0.0
       D:10 |    1824 |    2966 |  61.9 |      35 |       4 |  10.3
       D:11 |     708 |    1258 |  64.0 |      23 |       4 |  14.8
     Temple |      42 |       0 |   0.0 |       1 |       0 |   0.0
            +---------+---------+-------+---------+---------+-------
